 Dungeon Crawl Stone Soup version 0.23-a0-13-gb09bef45d9 (webtiles) character file.

135 Bapho the Cudgeler (level 4, -6/38 HPs)
             Began as a Draconian Monk on Aug 2, 2018.
             Mangled by Natasha (10 damage)
             ... on level 2 of the Dungeon.
             The game lasted 00:03:27 (1601 turns).

Bapho the Cudgeler (Draconian Monk)                 Turns: 1601, Time: 00:03:28

Health: -6/38      AC:  0    Str: 13    XL:     4   Next: 96%
Magic:  4/4        EV: 15    Int: 10    God:
Gold:   86         SH:  0    Dex: 15    Spells: 3/3 levels left

rFire    . . .     SeeInvis .   (weapon currently unavailable)
rCold    . . .     Gourm    .   (shield currently unavailable)
rNeg     . . .     Faith    .   (armour unavailable)
rPois    .         Spirit   .   (helmet currently unavailable)
rElec    .         Reflect  .   (cloak currently unavailable)
rCorr    .         Harm     .   (gloves currently unavailable)
MR       .....                  (boots currently unavailable)
Stlth    ++........             (no amulet)
HPRegen  0.12/turn              (ring currently unavailable)
MPRegen  0.09/turn              (ring currently unavailable)

@: pig-form (expiring), slowed
A: small, unfitting armour, AC +5
a: no special abilities


You were on level 2 of the Dungeon.
You were not hungry.
You were a filthy swine.
You visited 1 branch of the dungeon, and saw 2 of its levels.

You collected 86 gold pieces.

Inventory:

Hand Weapons
 a - a +0 falchion
 d - a +0 whip of electrocution (melded)
Missiles
 f - 71 stones (quivered)
Armour
 j - a +0 pair of boots (melded)
Jewellery
 e - an uncursed ring of resist corrosion {unknown}
Scrolls
 i - a scroll of teleportation {unknown}
 k - a scroll of magic mapping {unknown}
Potions
 h - a potion of might {unknown}
Comestibles
 b - 4 rations
 c - 7 chunks of flesh


   Skills:
 - Level 3.4 Fighting
 - Level 3.2 Long Blades
 * Level 4.4 Maces & Flails
 - Level 2.6 Dodging
 - Level 1.7 Stealth


You had 3 spell levels left.
You didn't know any spells.
Your spell library was empty.

Dungeon Overview and Level Annotations

Branches:
Dungeon (2/15)

Altars:

Annotations:
D:2 Natasha


Innate Abilities, Weirdness & Mutations

((Your plain brown scales are hard. (AC +5)))
You cannot fit into any form of body armour.
((You are cold-blooded and may be slowed by cold attacks.))


Message History

Your transformation is almost over.
Natasha stares at you and mumbles some strange words.
The magic dart hits you!
* * * LOW HITPOINT WARNING * * *
Some of the chunks of flesh in your inventory have rotted away.
You feel better.
Natasha zaps a wand.
You resist with some effort. Natasha claws you!
* * * LOW HITPOINT WARNING * * *
You feel better. Natasha closely misses you.
You closely miss Natasha.
Natasha is severely wounded.
Natasha completely misses you.
Natasha howls an incantation.
Natasha shimmers violently.
Natasha claws you!
* * * LOW HITPOINT WARNING * * *
You hit Natasha.
Natasha is severely wounded.
Natasha claws you!
You die...

#.........((. #........
#(# #.##...# #(#
##<##...# #.#
##...#...####(###
#.....#####..(..######
#.....# #..).......
###†....# #.........#
#.......# #..h.....^#
#.##.##.# #..h......#
##.##.##.### ##........#
#>.......#.## #.(.>....#
#..##.##..#.###..(.....#
#..##.##.###.......#####
#.........#.###.....#
....................#
#.###.##.#.####.....#


You could see Natasha.

Vanquished Creatures
  Natasha (twice) (D:2)
  2 adders (D:2)
  An ooze (D:2)
  A worm (D:2)
  4 dart slugs (D:1)
  A leopard gecko (D:1)
  7 giant cockroaches
  6 goblins
  8 hobgoblins
  3 jackals (D:2)
  4 bats
  4 kobolds (D:1)
  8 rats
51 creatures vanquished.

Notes
Turn   | Place    | Note
-------+----------+-------------------------------------------
     0 | D:1      | Bapho the Draconian Monk began the quest for the Orb.
     0 | D:1      | Reached XP level 1. HP: 19/19 MP: 1/1
   145 | D:1      | Reached XP level 2. HP: 26/26 MP: 2/2
   167 | D:1      | Reached skill level 1 in Maces & Flails
   612 | D:1      | Reached skill level 2 in Maces & Flails
   719 | D:1      | Reached XP level 3. HP: 31/31 MP: 3/3
  1260 | D:2      | Reached skill level 3 in Maces & Flails
  1365 | D:2      | Noticed Natasha
  1374 | D:2      | Killed Natasha
  1374 | D:2      | Reached XP level 4. HP: 38/38 MP: 4/4
  1462 | D:2      | Reached skill level 4 in Maces & Flails
  1555 | D:2      | Noticed Natasha
  1565 | D:2      | Killed Natasha
  1586 | D:2      | Noticed Natasha
  1601 | D:2      | Mangled by Natasha

Vault maps used:
D:1:      ebering_trefoil_3fold
D:2:      nicolae_qazlal_style_of_elements,
          chequers_ecumenical_altar_simple_redux,
          nemelex_xobeh_ov_fountains_minmay, uniq_natasha, uniq_sigmund

Skill      XL: |  1  2  3  4 |
---------------+-------------+-----
Maces & Flails | 2 3 4 |  4.4
Fighting       | |  3.4
Long Blades    | |  3.2
Dodging        | |  2.6
Stealth        | |  1.7

Action                   |  1- 3 |  4- 6 || total
-------------------------+-------+-------++-------
Melee: Whip              |   112 |    23 ||   135
       Falchion          |     4 |       ||     4
       Tailslap          |     8 |     5 ||    13
       Unarmed           |       |     8 ||     8
Throw: Stone             |   133 |    20 ||   153
  Use: Potion            |       |     3 ||     3
 Stab: Sleeping          |     1 |       ||     1
  Eat: Chunk             |     2 |       ||     2
Armor: Skin              |    29 |     6 ||    35
Dodge: Dodged            |    75 |    14 ||    89
       Rpst.: Falchion   |     1 |       ||     1

Table legend:
 A = Spawn XP
 B = Non-spawn XP
 C = Spawn XP percentage of total XP
 D = Spawn monster count
 E = Non-spawn monster count
 F = Spawn count percentage of total count
 G = Total turns spent on level
                    A         B        C        D         E        F      G
               +---------+---------+-------+---------+---------+-------+---------
         Total |       0 |     193 |   0.0 |       0 |      51 |   0.0 |  1601
               +---------+---------+-------+---------+---------+-------+---------
           D:1 |       0 |      65 |   0.0 |       0 |      33 |   0.0 |  1193
           D:2 |       0 |     128 |   0.0 |       0 |      18 |   0.0 |   408
               +---------+---------+-------+---------+---------+-------+---------
